AoeStats
← ztrox.

Socotra

504540376Analyzed
4v4 RM · 26d ago on Sep 5, 2026· 46m 22s· 8 players
Game mode
Random Map
Map size
148×148
Population
200
Speed
Normal
Resources
Standard
Victory
Conquest
Starting age
Dark Age
Ending age
Imperial Age
RankedLock teamsTeams togetherTeam positionsShared explorationLock speedFull tech treeHidden civsTurbo modeCheats
Victory
Defeat
🇷🇺 Dravidians · Russia
1042
+16
🇩🇪 Persians · Germany
1022
+16
🇺🇸 Mongols · United States
1006
+17
🇷🇺 Bulgarians · Russia
952
+20
🇧🇴 Mongols · Bolivia
1055
-18
🇦🇷 Magyars · Argentina
1049
-18
🇹🇷 Turks · Türkiye
1043
-18
🇨🇳 Khitans · China
974
-15
ConnorX37B
0:41 Loom
12:05 Feudal Age
17:45 Castle Age
16:52 Wheelbarrow
16:06 Double-Bit Axe
20:30 Bow Saw
25:36 Fletching
29:29 Hand Cart
34:57 Imperial Age
47:18 Chemistry
Demshredz
0:42 Loom
10:36 Feudal Age
11:08 Double-Bit Axe
14:31 Horse Collar
16:25 Wheelbarrow
20:25 Castle Age
19:03 Bloodlines
21:05 Bow Saw
20:55 Heavy Plow
21:15 Scale Barding Armor
21:21 Forging
22:26 Gold Mining
22:27 Stone Mining
25:54 Chain Barding Armor
27:52 Iron Casting
34:20 Hand Cart
37:45 Imperial Age
36:17 Town Watch
37:51 Husbandry
37:21 Cavalier
38:37 Plate Barding Armor
39:32 Two-Man Saw
39:04 Crop Rotation
39:37 Elite War Elephant
Zalypuch
1:32 Loom
12:49 Feudal Age
14:29 Forging
14:19 Scale Mail Armor
16:26 Arson
16:40 Double-Bit Axe
16:44 Horse Collar
29:45 Castle Age
30:43 Bloodlines
30:49 Pikeman
33:12 Bow Saw
33:39 Scale Barding Armor
35:28 Light Cavalry
36:10 Husbandry
36:21 Heavy Plow
36:29 Gold Mining
37:44 Squires
38:25 Iron Casting
38:50 Chain Mail Armor
41:29 Wheelbarrow
42:47 Gold Shaft Mining
42:41 Stone Mining
43:47 Chain Barding Armor
47:06 Ballistics
46:37 Fletching
46:47 Padded Archer Armor
49:24 Imperial Age
Steklowata
6:56 Loom
10:05 Feudal Age
13:19 Fletching
14:37 Horse Collar
21:34 Padded Archer Armor
24:13 Castle Age
22:07 Double-Bit Axe
25:10 Heavy Plow
25:27 Bow Saw
25:26 Thumb Ring
25:58 Bodkin Arrow
28:14 Gold Mining
29:46 Elite Skirmisher
30:09 Pikeman
34:44 Leather Archer Armor
ztrox.
7:07 Loom
9:45 Feudal Age
12:34 Wheelbarrow
14:14 Castle Age
13:44 Double-Bit Axe
22:41 Fletching
25:25 Bodkin Arrow
28:22 Padded Archer Armor
35:31 Imperial Age
33:39 Bow Saw
35:23 Gold Mining
39:54 Pikeman
40:35 Squires
41:29 Forging
41:25 Scale Barding Armor
41:50 Horse Collar
you go die
1:01 Loom
12:25 Feudal Age
17:47 Castle Age
17:11 Scale Barding Armor
18:01 Light Cavalry
18:52 Bloodlines
23:45 Wheelbarrow
25:05 Town Watch
25:54 Husbandry
30:50 Corvinian Army
36:57 Imperial Age
35:40 Chain Barding Armor
36:58 Cavalier
37:53 Recurve Bow
38:07 Elite Magyar Huszar
39:57 Pikeman
41:15 Halberdier
41:59 Scale Mail Armor
42:35 Plate Barding Armor
45:58 Chain Mail Armor
Frog Enthusiast
12:20 Feudal Age
12:40 Loom
14:26 Wheelbarrow
20:35 Castle Age
19:54 Stone Mining
36:58 Horse Collar
42:41 Sanctity
Vanilla
10:06 Feudal Age
10:51 Double-Bit Axe
13:13 Loom
14:26 Forging
19:25 Scale Barding Armor
22:01 Castle Age
22:44 Light Cavalry
23:25 Husbandry
24:04 Iron Casting
27:21 Chain Barding Armor
46:13 Imperial Age
Connection lost

Rejoining the realm…

Still unreachable

The connection could not be restored.

Session expired

The server has moved on; the page needs a fresh start.